 Dungeon Crawl Stone Soup version 0.28.0-43-g3370ac3207 (webtiles) character file.

Game seed: 3916848832468380193

16 graymark the Slasher (level 2, -1/28 HPs)
             Began as a Naga Chaos Knight on Mar 2, 2022.
             Was a Plaything of Xom.
             Slain by a jackal (4 damage)
             ... on level 1 of the Dungeon.
             The game lasted 00:01:05 (456 turns).

graymark the Slasher (Naga Chaos Knight)             Turns: 456, Time: 00:01:06

Health: -1/28      AC:  4    Str: 14    XL:     2   Next: 54%
Magic:  2/2        EV:  9    Int: 12    God:    Xom [..*...]
Gold:   41         SH:  0    Dex: 10    Spells: 1/1 levels left

rFire   . . .      SeeInvis +   a - +0 falchion (chaos)
rCold   . . .      Faith    .   (no shield)
rNeg    . . .      Spirit   .   b - +2 leather armour
rPois   +          Reflect  .   (no helmet)
rElec   .          Harm     .   (no cloak)
rCorr   .          Rampage  .   (no gloves)
Will    .....                   (no barding)
Stlth   +.........              (no amulet)
HPRegen 0.09/turn               (no ring)
MPRegen 0.08/turn               (no ring)

@: very slow
A: AC +0, large, see invisible, deformed body, poison resistance, slowness 2,
spit poison 1, naga tail 1
a: Spit Poison, Renounce Religion


You were on level 1 of the Dungeon.
You worshipped Xom.
You were a toy of Xom.
You visited 1 branch of the dungeon, and saw 1 of its levels.

You collected 41 gold pieces.

Inventory:

Hand Weapons
 a - a +0 falchion of chaos (weapon)
Armour
 b - a +2 leather armour (worn)
 d - a +0 ring mail
Scrolls
 c - a scroll of amnesia {unknown}
Potions
 e - 2 potions of curing {unknown}
 f - a potion of ambrosia {unknown}


   Skills:
 * Level 3.1 Fighting
 * Level 3.2 Long Blades
 * Level 1.8 Armour
 * Level 1.1 Dodging
 + Level 0.8 Stealth


You had one spell level left.
You didn't know any spells.
Your spell library was empty.

Dungeon Overview and Level Annotations

Branches:
Dungeon (1/15)

Altars:


Innate Abilities, Weirdness & Mutations

Your serpentine skin is tough. (AC +0)
You have supernaturally acute eyesight. (SInv)
Armour fits poorly on your strangely shaped body.
Your system is resistant to poisons. (rPois)
You cover ground very slowly.
You can spit poison.
You have a snake-like lower body.


Message History

The jackal barely misses you.
You barely miss the jackal. The jackal bites you.
You hit the jackal. You freeze the jackal. Your punch misses the jackal.
The jackal is heavily wounded.
The jackal barely misses you. The jackal misses you.
You hit the jackal.
The jackal is severely wounded.
The jackal closely misses you.
The jackal bites you but does no damage.
You hit the jackal but do no damage.
The jackal is heavily wounded.
The jackal bites you but does no damage.
You hit the jackal.
The jackal is almost dead.
The jackal bites you.
* * * LOW HITPOINT WARNING * * *
The jackal bites you.
* * * LOW HITPOINT WARNING * * *
You miss the jackal.
The jackal is almost dead.
The jackal bites you but does no damage.
You hit the jackal. You burn the jackal.
You kill the jackal!
You hit the jackal. You freeze the jackal.
The jackal is almost dead.
The jackal bites you.
* * * LOW HITPOINT WARNING * * *
The jackal closely misses you.
You hit the jackal but do no damage.
The jackal is almost dead.
The jackal bites you but does no damage.
You closely miss the jackal.
The jackal is almost dead.
The jackal barely misses you. x2
You hit the jackal but do no damage.
The jackal goes berserk!
Xom is mildly amused.
The jackal is severely wounded.
The jackal barely misses you. The jackal bites you.
You die... "Boring in life, boring in death..."

...#.#.....#.# .
......#..#.#. ..
#...........
....#.#.#..#......
+##+#...#.#..†......#
..........#.#.#...#.#
..................#
........#.#.#####.#
+# #....#.#.#..h@...#
.# #+#...#.#######.#
.####.......#
........#####
........# ........#
........#
........#####
............#


You could see a jackal (berserk).

Vanquished Creatures
  A bat (D:1)
  An endoplasm (D:1)
  A goblin (D:1)
  6 jackals (D:1)
  A quokka (D:1)
  2 kobolds (D:1)
  A rat (D:1)
13 creatures vanquished.

Notes
Turn   | Place    | Note
-------+----------+-------------------------------------------
     0 | D:1      | graymark the Naga Chaos Knight began the quest for the Orb.
     0 | D:1      | Reached XP level 1. HP: 21/21 MP: 1/1
    45 | D:1      | Found a faded altar of an unknown god.
   234 | D:1      | Reached skill level 1 in Dodging
   234 | D:1      | Reached XP level 2. HP: 13/28 MP: 2/2
   456 | D:1      | Slain by a jackal

Illustrated notes

Levels and vault maps discovered:
D:1:      dpeg_arrival_shelter, layout_basic, chequers_ecumenical_altar_simple,
          minmay_misc_feat_cross, minmay_misc_feat_enclosed

Skill      XL: |  1 |
---------------+----+-----
Dodging        | 1 |  1.1
Fighting       | |  3.1
Long Blades    | |  3.2
Armour         | |  1.8
Stealth        | |  0.8

Action                   || total
-------------------------++-------
Melee: Falchion          ||    53
Armor: Leather armour    ||    34
Dodge: Dodged            ||    49
